 Dungeon Crawl Stone Soup version 0.31.0 (webtiles) character file.

Game seed: 13524823123266178058

31 dorian the Changeling (level 3, 0/23 HPs)
             Began as an Octopode Shapeshifter on Jan 19, 2024.
             Slain by a gnoll
             ... wielding a +0 flail
              (7 damage)
             ... on level 2 of the Dungeon.
             The game lasted 00:01:00 (555 turns).

dorian the Changeling (Octopode Shapeshifter)        Turns: 555, Time: 00:01:00

Health: 0/23       AC:  1    Str: 15    XL:     3   Next: 22%
Magic:  3/3        EV: 13    Int: 12    God:
Gold:   52         SH:  0    Dex: 11    Spells: 2/2 levels left

rFire   . .          .
                       - Unarmed
rCold   . . .        (no shield)
rNeg    . . .        (helmet currently unavailable)
rPois   .            (no amulet)
rElec   .            (no ring)
rCorr   .            (no ring)
SInv    .            (no ring)
Will    .....        (no ring)
Stlth   ++           (no ring)
HPRegen 0.23/turn    (no ring)
MPRegen 0.08/turn    (no ring)
                     (no ring)

%: no passive effects
@: beast-form
A: beast (slay +1), almost no armour, amphibious, 8 rings, camouflage 1,
gelatinous body 1, (nimble swimmer 1), tentacles
a: Begin Untransformation


You were on level 2 of the Dungeon.
You were a hulking beast.
You visited 1 branch of the dungeon, and saw 2 of its levels.

You collected 52 gold pieces.

Inventory:

Talismans
 b - a beast talisman
 c - a flux talisman
Potions
 a - a potion of lignification
 d - a potion of brilliance {unknown}


   Skills:
 + Level 1.3 Fighting
 + Level 2.3 Dodging
 * Level 3.4 Unarmed Combat
 * Level 3.4 Shapeshifting


You had 2 spell levels left.
You didn't know any spells.
Your spell library contained the following spells:

 Spells                   Type           Power      Damage    Failure   Level
 Inner Flame              Hex/Fire       0%         N/A       69%         3
 Flame Wave               Conj/Fire      0%         2d4       97%         4
 Sticky Flame             Fire/Alch      0%         2d4       97%         4


Dungeon Overview and Level Annotations

Branches:
Dungeon (2/15) Zot: 11447

Altars:


Innate Abilities, Weirdness & Mutations

You are a hulking beast.
Your limbs bulge with bestial killing power. (Slay +1)
You cannot wear most types of armour.
You are amphibious.
You can wear up to eight rings at the same time.
Your skin changes colour to match your surroundings (Stealth+).
Your rubbery body absorbs attacks. (AC +1, EV +1)
((You are camouflaged when in or above water. (Stealth+)))
You have tentacles for arms and can constrict up to eight enemies at once.


Message History

No target in view!
Found a stone staircase leading down.
d - an amethyst potion No target in view!
No target in view!
Found a dagger.
No target in view!
A ribbon worm comes into view.
A ribbon worm is nearby!
You tentacle-slap the ribbon worm. You grab the ribbon worm.
You squeeze the ribbon worm!
The ribbon worm is severely wounded.
You constrict the ribbon worm.
The ribbon worm expels a string of sticky webbing.
The stream of webbing misses you.
A ribbon worm is nearby!
You tentacle-slap the ribbon worm. Your squeeze misses the ribbon worm.
The ribbon worm is almost dead.
You constrict the ribbon worm.
You kill the ribbon worm!
You now have 52 gold pieces (gained 9).
Found a stone staircase leading down.
No target in view! 2 gnolls come into view.
The gnoll shouts!
There are monsters nearby!
The gnoll shouts!
The gnoll hits you from afar with a +0 spear.
The gnoll barely misses you.
You barely miss the gnoll. Your grab misses the gnoll. You squeeze the gnoll!
The gnoll is severely wounded.
The gnoll hits you with a +0 flail!
The gnoll hits you from afar with a +0 spear.
There are monsters nearby!
You are too injured to fight recklessly!
You are too injured to fight recklessly!
The gnoll attacks as it pursues you! The gnoll misses you.
The gnoll attacks as it pursues you! The gnoll misses you.
The gnoll attacks as it pursues you! The gnoll hits you with a +0 flail!
You die...

##.## .... ... ...
#.# # #.#### ######.#
#######.##.###......#
.............h...>#
#####.#.#..###g##.# #
#.#..###.#
#.#..#..gg#
#.#..#.#..#
#.#..#.#g.#.#
#######.#....#....#
#.......#...<...#.
#.########.#....#.


You could see 4 gnolls.

Vanquished Creatures
  A ribbon worm (D:2)
  2 endoplasms (D:1)
  2 giant cockroaches (D:1)
  2 hobgoblins (D:2)
  5 jackals
  2 ball pythons (D:1)
  2 bats
  2 frilled lizards (D:1)
  A goblin (D:1)
  6 kobolds (D:1)
  A rat (D:1)
26 creatures vanquished.

Notes
Turn   | Place    | Note
-------+----------+-------------------------------------------
     0 | D:1      | dorian the Octopode Shapeshifter began the quest for the
                  | Orb.
     0 | D:1      | Reached XP level 1. HP: 13/13 MP: 1/1
   182 | D:1      | Reached XP level 2. HP: 17/18 MP: 2/2
   473 | D:2      | Reached XP level 3. HP: 20/23 MP: 3/3
   555 | D:2      | Slain by a gnoll

Illustrated notes

Levels and vault maps discovered:
D:1:      psy_arrival_fountain, layout_rooms, minmay_stone_trees_medium,
          minmay_pentomino_u2
D:2:      layout_basic

Action                     || total
---------------------------++-------
  Melee: Unarmed           ||    45
         Constrict         ||    13
         Tentacles         ||    11
         Punch             ||     1
    Use: Scroll            ||     3
   Stab: Sleeping          ||     2
 Armour: Skin              ||    14
  Dodge: Dodged            ||    33
